 Dungeon Crawl Stone Soup version 0.17-a0-1479-g4041c36 (webtiles) character file.

508 amnekian the Insei (level 7, -5/43 HPs)
             Began as an Octopode Transmuter on July 3, 2015.
             Was an Initiate of Cheibriados.
             Slain by an iguana (14 damage)
             ... on level 5 of the Dungeon.
             The game lasted 00:23:24 (6163 turns).

amnekian the Insei (Octopode Transmuter)            Turns: 6163, Time: 00:23:25

Health: -5/43      AC:  2    Str: 11    XL:     7   Next: 18%
Magic:  6/10       EV: 24    Int: 17    God:    Cheibriados [......]
Gold:   234        SH:  0    Dex: 19    Spells: 3 memorised, 4 levels left

rFire  . . .     SeeInvis .       - Unarmed
rCold  . . .     Clarity  .     (shield currently unavailable)
rNeg   + . .     SustAt   +     (helmet currently unavailable)
rPois  x         Gourm    .     y - amulet of warding
rElec  .         Spirit   .     l - ring of sustain attributes
rCorr  .         Warding  +     (no ring)
rMut   .         Stasis   .     (no ring)
MR     .....                    (no ring)
Stlth  +++.......               (no ring)
                                (no ring)
                                (no ring)
                                (no ring)

@: spider-form (expiring), very slow, not resistant to hostile enchantments,
fairly stealthy
A: almost no armour, amphibious, 8 rings, (constrict 8), (camouflage 0),
(gelatinous body 0)
a: End Transformation, Bend Time, Renounce Religion


You were on level 5 of the Dungeon.
You worshipped Cheibriados.
Cheibriados was noncommittal.
You were not hungry.
You were a venomous arachnid creature.
You visited 1 branch of the dungeon, and saw 6 of its levels.

You collected 234 gold pieces.

Inventory:

Hand weapons
 b - a +0 hunting sling (melded)
 s - a +0 blowgun
Missiles
 a - 6 arrows
 d - 129 stones
 g - 69 poisoned needles
 j - a throwing net
 o - 3 tomahawks of returning (quivered)
 u - 4 javelins of penetration
 w - a tomahawk of dispersal
 D - 14 sling bullets
Armour
 C - a +0 shield
Jewellery
 l - a ring of sustain attributes (left front leg)
 y - an amulet of warding (around neck)
 z - an uncursed ring of fire
Magical devices
 p - a wand of fireball (15)
 x - a wand of flame (10)
Scrolls
 h - 2 scrolls of noise {unknown}
 i - a scroll of enchant armour
 k - 3 scrolls of immolation {unknown}
 m - 2 scrolls of teleportation
 r - 2 scrolls of magic mapping
 t - a scroll of amnesia {unknown}
Potions
 e - a potion of heal wounds {unknown}
 f - 2 potions of haste
 n - a potion of might {unknown}
 q - a potion of brilliance {unknown}
 v - 4 potions of curing
 B - a potion of mutation {unknown}
Books
 A - a book of Changes

   Spells                             Type                      Level
   a - Beastly Appendage              Transmutation                1
   b - Sticks to Snakes               Transmutation                2
   c - Spider Form                    Transmutation/Poison         3
   d - Ice Form                       Ice/Transmutation            4
   e - Blade Hands                    Transmutation                5
Comestibles
 c - 2 bread rations


   Skills:
 - Level 1.0 Fighting
 * Level 5.0 Dodging
 - Level 2.0 Stealth
 - Level 5.1 Unarmed Combat
 - Level 2.0 Spellcasting
 - Level 3.2 Transmutations
 - Level 2.3 Poison Magic


You had 4 spell levels left.
You knew the following spells:

 Your Spells              Type           Power        Failure   Level  Hunger
a - Beastly Appendage     Trmt           ##....       17%         1    #......
b - Sticks to Snakes      Trmt           ##........   24%         2    ###....
c - Spider Form           Trmt/Pois      ##........   41%         3    ###....


Dungeon Overview and Level Annotations

Branches:
Dungeon (6/15)
 Temple: D:4-7

Altars:
Cheibriados
Elyvilon
Gozag
Makhleb
Xom
Zin

Annotations:
D:4 exclusions: door and iguana, Edmund, Eustachio
D:5 exclusion: 2 doors, amnekian's ghost, average OpTm


Innate Abilities, Weirdness & Mutations

You cannot wear most types of armour.
You are amphibious.
You can wear up to eight rings at the same time.
((You can use your tentacles to constrict eight enemies at once.))
((Your skin changes colour to match your surroundings (Stealth).))
((Your rubbery body absorbs attacks (AC +1).))


Message History

The iguana barely misses you.
You closely miss the iguana. The iguana closely misses you.
The iguana completely misses you.
Your transformation is almost over.
Amnekian's ghost turns its malevolent gaze towards you.
The iguana barely misses you. The iguana bites you!
* * * LOW HITPOINT WARNING * * *
The iguana completely misses you.
You hit the iguana but do no damage.
The iguana looks even sicker.
The iguana is heavily wounded.
The iguana completely misses you.
You hit the iguana but do no damage.
The iguana looks even sicker.
The iguana is heavily wounded.
The iguana misses you.
You hit the iguana but do no damage.
The iguana is severely wounded.
Amnekian's ghost whispers, "There is no future for you."
The iguana bites you!
You die...

#.................##
#..#
#####...........###
#..# #..........##
#..# ##...#)...## #...
##......## #...
#....#### ####
##..##<.# ##......##
#.....s..# #[....l..#
#....W.### ##.....## #
#.....##$[...###.W. ##
#.#...#...(...#...$ #.
#.#...#...Y...#.... #.
####.#>..#!......#...a
#. #....##..##.....
#... ##


You could see an iguana and amnekian's ghost.

Vanquished Creatures
  A phantom (D:5)
  An iron imp (D:5)
  2 crimson imps (D:5)
  A giant frog skeleton (D:5)
  2 hounds
  A hound skeleton (D:4)
  A worker ant zombie (D:5)
  3 gnolls (D:2)
  6 adders
  2 shadow imps (D:5)
  An ooze (D:2)
  An adder skeleton (D:5)
  A worm (D:2)
  5 giant geckos
  6 orcs
  2 ball pythons
  A bat skeleton (D:5)
  5 giant cockroaches
  8 goblins
  4 hobgoblins
  8 kobolds
  A quokka (D:3)
  14 bats
  4 giant newts
  6 jackals
  A quokka zombie (D:5)
  7 rats
95 creatures vanquished.

Vanquished Creatures (collateral kills)
  A worker ant (D:4)
  A gnoll (D:1)
  2 hobgoblins (D:1)
4 creatures vanquished.

Grand Total: 99 creatures vanquished

Notes
Turn   | Place    | Note
--------------------------------------------------------------
     0 | D:1      | amnekian the Octopode Transmuter began the quest for the Orb.
     0 | D:1      | Reached XP level 1. HP: 13/13 MP: 3/3
    79 | D:1      | Reached skill level 1 in Stealth
   522 | D:1      | Reached XP level 2. HP: 16/18 MP: 5/5
  1299 | D:1      | Learned a level 2 spell: Sticks to Snakes
  1430 | D:1      | Reached XP level 3. HP: 3/23 MP: 2/6
  1963 | D:2      | Learned a level 3 spell: Spider Form
  1981 | D:2      | Found an opulent altar of Gozag.
  1984 | D:2      | Found a shimmering altar of Xom.
  2137 | D:2      | Reached skill level 1 in Poison Magic
  2316 | D:2      | Reached XP level 4. HP: 28/28 MP: 3/7
  2933 | D:3      | Reached XP level 5. HP: 29/33 MP: 6/8
  2991 | D:3      | Reached skill level 4 in Unarmed Combat
  3299 | D:3      | Found a glowing silver altar of Zin.
  3622 | D:4      | Noticed Edmund
  3856 | D:4      | Noticed Eustachio
  4249 | D:5      | Entered Level 5 of the Dungeon
  4376 | D:5      | Reached skill level 5 in Unarmed Combat
  4489 | D:5      | Reached XP level 6. HP: 38/38 MP: 5/9
  4530 | D:5      | Found a white marble altar of Elyvilon.
  4808 | D:5      | Found a snail-covered altar of Cheibriados.
  5154 | D:4      | Noticed a hungry ghost
  5222 | D:5      | Became a worshipper of Cheibriados the Contemplative
  5316 | D:5      | Found a burning altar of Makhleb.
  5549 | D:5      | Noticed a phantom
  5578 | D:5      | Killed a phantom
  5578 | D:5      | Reached XP level 7. HP: 23/43 MP: 5/10
  5704 | D:5      | Noticed amnekian's ghost (average OpTm)
  5763 | D:5      | Noticed an ice beast
  5834 | D:6      | Reached skill level 5 in Dodging
  6163 | D:5      | Slain by an iguana

Vault maps used:
D:1:      dpeg_arrival_rooms_with_view, hex_intersection, patterned_corridor
D:2:      grunt_temple_overflow_open, st_stairs_3
D:3:      lemuel_round_altar
D:4:      lemuel_doored_altar, first_bread, kennysheep_generic_room_2,
          uniq_edmund, uniq_natasha, uniq_eustachio
D:5:      kennysheep_six_static_rooms, kennysheep_mini_moat, slow_altar_1,
          serial_column_ruins, column_ruins_circle_large, column_ruins_hut,
          column_ruins_grid_1, column_ruins_grid_2, column_ruins_open_tiny,
          column_ruins_open_medium, column_ruins_grid_1, column_ruins_grid_2,
          column_ruins_open_tiny, makhleb_blood_cavern_becter
D:6:      tso_oasis_becter, temple_statues

Action                   |  1- 3 |  4- 6 |  7- 9 || total
-------------------------+-------+-------+-------++-------
Melee: Unarmed           |    87 |   156 |    24 ||   267
 Fire: Hunting sling     |       |       |     5 ||     5
Throw: Stone             |     3 |       |       ||     3
       Tomahawk          |       |    13 |       ||    13
 Cast: Beastly Appendage |    16 |    13 |     2 ||    31
       Sticks to Snakes  |     4 |     2 |       ||     6
       Spider Form       |     4 |    10 |     3 ||    17
Invok: Bend Time         |       |       |     1 ||     1
  Use: Scroll            |       |     9 |       ||     9
 Stab: Sleeping          |     7 |     7 |     2 ||    16
       Distracted        |       |     1 |       ||     1
  Eat: Chunk             |     5 |     7 |     3 ||    15
       Meat ration       |       |     1 |       ||     1
